Map: Ruinen von Endion

Players

InsOp

  • Race: Protoss Protoss

Coleman - Winner!

  • Race: Terran Terran
  • League: Gold

VOD

Have the link to the VOD?

Description

Time

  • Played on: April 1, 2016, 8:41 a.m.
  • Length: 5:47
Show
View Real Time Build Order
Export as new Build Order

InsOp Protoss 

Build Orders:  

Get SALT Encoding   

  12  0:01  Probe (Chrono Boost)  
  13  0:19  Pylon  
  13  0:25  Probe (Chrono Boost)  
  14  0:38  Gateway  
  14  0:42  Probe (Chrono Boost)  
  15  0:52  Probe (Chrono Boost)  
  16  1:19  Gateway  
  16  1:22  Probe (Chrono Boost), Assimilator  
  17  1:26  Zealot  
  17  1:32  Probe (Chrono Boost)  
  20  1:43  Probe (Chrono Boost), Pylon  
  21  1:49  Forge  
  22  1:54  Probe (Chrono Boost)  
  22  2:01  Zealot  
  24  2:06  Pylon  
  24  2:09  Zealot  
  26  2:23  Cybernetics Core  
  26  2:28  Probe (Chrono Boost), Pylon  
  27  2:41  Zealot  
  29  2:57  Probe (Chrono Boost)  
  30  3:04  Nexus  
  30  3:08  Zealot  
  32  3:13  Pylon  
  32  3:14  Probe (Chrono Boost)  
  33  3:20  Warp Gate (Chrono Boost)  
  33  3:29  Zealot  
  35  3:35  Zealot  
  35  3:40  Assimilator  
  37  3:56  Stalker  
  37  3:58  Gateway  
  37  4:00  Probe  
  37  4:02  Stalker  
  42  4:12  Probe  
  43  4:22  Probe  
  44  4:24  Probe  
  45  4:32  Probe  
  46  4:40  Robotics Facility  
  46  4:44  Stalker  
  48  4:49  Stalker  
  48  4:51  Probe  
  48  4:52  Probe  
  52  5:03  Probe  
Show
View Real Time Build Order
Export as new Build Order

Coleman Terran - Winner!

Build Orders:  

Get SALT Encoding   

  12  0:01  SCV  
  13  0:18  Supply Depot  
  13  0:21  SCV  
  14  0:31  Refinery  
  14  0:33  SCV  
  15  0:43  Barracks  
  16  0:50  SCV  
  16  1:02  SCV  
  17  1:14  SCV, Barracks  
  18  1:26  Barracks  
  18  1:40  Supply Depot  
  18  1:51  Supply Depot  
  18  1:52  Marine  
  19  2:00  Orbital Command  
  19  2:05  Barracks Tech Lab  
  19  2:11  Marine  
  19  2:15  Marine  
  21  2:31  Concussive Shells  
  21  2:33  Marauder  
  21  2:34  Marine x2  
  25  2:42  Supply Depot  
  25  2:56  Marauder  
  25  2:57  Marine x2  
  29  3:05  Supply Depot  
  29  3:09  SCV  
  30  3:14  Stimpack  
  30  3:18  Marauder  
  32  3:28  Supply Depot  
  32  3:39  Marine x2  
  32  3:40  Marauder  
  36  3:54  Supply Depot  
  36  3:57  Marine x2  
  36  4:01  Engineering Bay  
  36  4:02  Marauder, SCV, Refinery  
  41  4:19  Marine x2  
  43  4:31  Marine  
  44  4:37  Marine x2  
  46  4:49  Marine  
  47  4:54  Marine  
Tags
 
Add a new tag
Caveats
  • Supply blocks, unpowered buildings, or Contaminate may cause inaccurate times.
  • Supply counts are checked every 10 seconds.